 Dungeon Crawl Stone Soup version 0.17-a0-1403-g9df874c (webtiles) character file.

705 bal the Covert (level 7, -7/36 HPs)
             Began as a Vine Stalker Assassin on June 20, 2015.
             Was a Believer of Fedhas.
             Killed from afar by an electric eel (9 damage)
             ... with a bolt of electricity
             ... on level 7 of the Dungeon.
             The game lasted 00:11:41 (3210 turns).

bal the Covert (Vine Stalker Assassin)              Turns: 3210, Time: 00:11:41

Health: -7/36      AC:  6    Str: 14    XL:     7   Next: 67%
Magic:  0/8        EV: 13    Int: 11    God:    Fedhas [**....]
Gold:   201        SH:  0    Dex: 17    Spells: 0 memorised, 6 levels left

rFire  . . .     SeeInvis .     a - +2 short sword (venom)
rCold  . . .     Clarity  .     c - +0 robe
rNeg   . . .     SustAt   .     (no shield)
rPois  .         Gourm    .     w - +0 helmet
rElec  .         Spirit   +     d - +0 cloak
rCorr  .         Warding  .     B - +1 pair of gloves
rMut   .         Stasis   .     (no boots)
MR     .....                    (no amulet)
Stlth  +.........               (no ring)
                                (no ring)

@: glowing, not resistant to hostile enchantments, very unstealthy
A: fangs 2, regeneration 2, magic shield, antimagic bite, no device heal 3, rot
immunity
a: Evolution, Sunlight, Renounce Religion


You were on level 7 of the Dungeon.
You worshipped Fedhas.
Fedhas was pleased with you.
You were not hungry.

You visited 1 branch of the dungeon, and saw 6 of its levels.

You collected 201 gold pieces.

Inventory:

Hand weapons
 a - a +2 short sword of venom (weapon)
 b - a +0 blowgun
 n - a +2 dagger
 v - a +0 hunting sling
 A - a +2 whip of pain
Missiles
 e - 47 poisoned needles
 f - 2 curare-tipped needles
 q - 76 sling bullets
 E - 7 needles of sleeping
Armour
 c - a +0 robe (worn)
 d - a +0 cloak (worn)
 w - a +0 helmet (worn)
 x - a +0 shield
 B - a +1 pair of gloves (worn)
Jewellery
 y - an uncursed amulet of rage
Scrolls
 j - 2 scrolls of teleportation
 m - a scroll of remove curse
 u - 2 scrolls of identify
 C - a scroll of blinking {unknown}
 F - a scroll of immolation {unknown}
Potions
 h - 2 potions of mutation {unknown}
 l - 2 potions of might {unknown}
 p - 2 potions of invisibility {unknown}
 r - a potion of flight {unknown}
 D - a potion of magic {unknown}
Books
 s - a Grand Grimoire {highlevel, unknown}

   This book is beyond your current level of understanding.

   Spells                             Type                      Level
   a - Monstrous Menagerie            Summoning                    6
   b - Summon Greater Demon           Summoning                    7
   c - Malign Gateway                 Summoning/Translocation      7
   d - Summon Horrible Things         Summoning                    8
Comestibles
 g - 5 bread rations
 i - 3 meat rations
 k - a royal jelly
 z - 6 fruits


   Skills:
 + Level 3.3 Fighting
 + Level 2.9 Short Blades
 + Level 3.0 Throwing
 + Level 2.8 Dodging
 + Level 8.6 Stealth


You had 6 spell levels left.
You didn't know any spells.

Dungeon Overview and Level Annotations

Branches:
Dungeon (7/15)             Temple (0/1) D:4

Altars:
Ashenzari
Cheibriados
Fedhas
Okawaru


Innate Abilities, Weirdness & Mutations

You have extremely sharp teeth.
You heal very quickly.
When hurt, damage is shared between your health and your magic reserves.
Your bite disrupts and absorbs the magic of your enemies.
Potions and wands cannot restore your health.
You are immune to rotting.


Message History

Aim: an electric eel (water)
You feel slightly more hungry.
Some water evaporates in the bright sunlight.
The electric eel shoots out a bolt of lightning at you!
The bolt of electricity hits you!
The electric eel shoots out a bolt of lightning at you!
The bolt of electricity misses you.
The electric eel shoots out a bolt of lightning at you!
The bolt of electricity hits you!
Your unstable footing causes you to fumble your attack.
The electric eel shoots out a bolt of lightning at you!
The bolt of electricity hits you!
* * * LOW HITPOINT WARNING * * *
The electric eel shoots out a bolt of lightning at you!
The bolt of electricity hits you!
* * * LOW HITPOINT WARNING * * *
The electric eel shoots out a bolt of lightning at you!
The bolt of electricity hits you!
You die...
Fedhas appreciates your contribution to the ecosystem.

.###########
...........#
≈≈≈≈≈.≈≈≈≈.#
≈≈≈;≈.≈≈≈≈.#
≈≈≈≈≈?≈≈≈≈.##
≈≈≈≈≈.≈≈≈≈..#
......≈≈≈≈..#
≈≈≈≈........#
≈≈≈≈[≈≈.@≈..#
≈≈≈≈.≈≈≈;...#
≈≈≈≈.≈;≈≈≈..#
≈≈≈≈.≈≈≈≈≈..#
............#
##..........#
#.##########
..


You could see 3 electric eels.

Vanquished Creatures
  Sigmund (D:2)
  A sky beast (D:5)
  A giant frog (D:4)
  A gnoll shaman (D:4)
  An orc wizard (D:4)
  A hound (D:4)
  Jessica (D:2)
  Terence (D:2)
  An iguana (D:4)
  Robin (D:3)
  9 gnolls (D:4)
  2 adders (D:3)
  2 oozes (D:3)
  3 worms
  6 giant geckos
  4 orcs (D:4)
  6 bats
  5 giant cockroaches
  14 hobgoblins
  4 jackals (D:2)
  7 kobolds
  A quokka (D:4)
  A giant gecko skeleton (D:4)
  6 giant newts
  13 goblins
  10 rats
103 creatures vanquished.

Vanquished Creatures (others)
  An adder (D:4)
  73 toadstools
74 creatures vanquished.

Grand Total: 177 creatures vanquished

Notes
Turn   | Place    | Note
--------------------------------------------------------------
     0 | D:1      | bal the Vine Stalker Assassin began the quest for the Orb.
     0 | D:1      | Reached XP level 1. HP: 11/11 MP: 2/2
    76 | D:1      | Reached skill level 5 in Stealth
   202 | D:1      | Reached XP level 2. HP: 15/15 MP: 3/3
   960 | D:2      | Found a blossoming altar of Fedhas.
   960 | D:2      | Noticed Terence
   962 | D:2      | Noticed Jessica
   974 | D:2      | Killed Terence
   974 | D:2      | Reached skill level 1 in Dodging
   974 | D:2      | Reached XP level 3. HP: 12/18 MP: 1/4
   986 | D:2      | Killed Jessica
   986 | D:2      | Reached skill level 6 in Stealth
   986 | D:2      | Reached XP level 4. HP: 7/23 MP: 2/5
   998 | D:2      | Became a worshipper of Fedhas Madash
  1063 | D:2      | Found a faded altar to an unknown god.
  1092 | D:2      | Noticed Sigmund
  1140 | D:2      | Killed Sigmund
  1140 | D:2      | Reached skill level 7 in Stealth
  1140 | D:2      | Reached XP level 5. HP: 10/27 MP: 4/6
  1140 | D:2      | Gained mutation: You heal very quickly. [Vine Stalker growth]
  1140 | D:2      | Reached XP level 6. HP: 11/32 MP: 4/7
  1479 | D:2      | Found an iron altar of Okawaru.
  1800 | D:3      | Acquired Fedhas's first power
  1857 | D:3      | Found a shattered altar of Ashenzari.
  1991 | D:3      | Noticed Robin
  2024 | D:3      | Killed Robin
  2313 | D:4      | Reached skill level 8 in Stealth
  2388 | D:4      | Reached XP level 7. HP: 36/36 MP: 8/8
  2439 | D:4      | Acquired Fedhas's second power
  2513 | D:4      | Found a staircase to the Ecumenical Temple.
  2625 | D:4      | Found a snail-covered altar of Cheibriados.
  3102 | D:5      | Entered Level 5 of the Dungeon
  3132 | D:5      | Found a blossoming altar of Fedhas.
  3170 | D:5      | You fall through a shaft for 2 floors!
  3210 | D:7      | Killed from afar by an electric eel

Vault maps used:
D:1:      saegor_arrival_simple_b, serial_forest, infiniplex_forest_split,
          infiniplex_forest_clump_cross, infiniplex_forest_clump_diagonal,
          infiniplex_forest_clump_small, infiniplex_forest_zigzag_1,
          infiniplex_forest_zigzag_2, infiniplex_forest_lined_2, nrook_uturn
D:2:      okawaru_trees_1, first_bread, ecumenical_altar_1, fedhas_altar_1,
          uniq_jessica, uniq_sigmund, uniq_terence
D:3:      evilmike_ruin_ashenzari, serial_bayou_crossing, uniq_robin
D:4:      cheibriados_altar_1, lemuel_temple_firewalk
D:5:      kennysheep_mini_moat, nicolae_overflow_crystal_walls,
          minmay_door_square, uniq_duvessa, uniq_eustachio, uniq_grinder
D:7:      the_bakery, minivault_14, st_stairs_4

Action                   |  1- 3 |  4- 6 |  7- 9 || total
-------------------------+-------+-------+-------++-------
Melee: Dagger            |    37 |       |       ||    37
       Short sword       |    17 |   104 |    47 ||   168
       Blowgun           |       |     1 |       ||     1
 Fire: Blowgun           |       |    24 |     5 ||    29
Invok: Sunlight          |       |       |     1 ||     1
  Use: Scroll            |       |       |     5 ||     5
 Stab: Sleeping          |     8 |    18 |     5 ||    31
       Distracted        |       |     1 |       ||     1
  Eat: Chunk             |       |     1 |       ||     1
       Meat ration       |       |     1 |       ||     1
       Beef jerky        |       |       |     1 ||     1
